AoeStats
← Xanny

African Clearing

503919926Analyzed
4v4 RM · 1mo ago on Sep 3, 2026· 70m 59s· 8 players
Game mode
Random Map
Map size
Large (8 player)
Population
200
Speed
Normal
Resources
Standard
Victory
Conquest
Starting age
Dark Age
Ending age
Imperial Age
RankedLock teamsTeams togetherTeam positionsShared explorationLock speedFull tech treeHidden civsTurbo modeCheats
Victory
Defeat
🇨🇿 Mongols · Czechia
1599
+8
🇺🇸 Malians · United States
1373
+18
🇲🇽 Spanish · Mexico
1350
+18
🇮🇩 Persians · Indonesia
1300
+20
🇦🇷 Mongols · Argentina
1437
-17
🇨🇱 Hindustanis · Chile
1427
-17
🇹🇼 Jurchens · Taiwan
1398
-16
🇦🇷 Britons · Argentina
1369
-14
ReBeL_persi
9:10 Loom
12:40 Feudal Age
14:22 Double-Bit Axe
17:47 Scale Barding Armor
20:31 Castle Age
19:13 Forging
21:27 Bloodlines
21:17 Husbandry
29:20 Chain Barding Armor
29:48 Horse Collar
30:44 Heavy Plow
32:32 Fletching
33:18 Iron Casting
32:47 Town Watch
34:47 Wheelbarrow
36:36 Bodkin Arrow
37:42 Gold Mining
38:16 Ballistics
45:00 Imperial Age
43:19 Hand Cart
44:31 Bow Saw
45:16 Heavy Camel Rider
46:58 Blast Furnace
46:34 Siege Engineers
47:30 Chemistry
50:22 Bracer
52:43 Conscription
53:13 Gold Shaft Mining
LaPosta
3:54 Loom
13:35 Feudal Age
14:09 Double-Bit Axe
14:11 Town Watch
19:36 Wheelbarrow
22:16 Castle Age
26:33 Fletching
31:37 Squires
34:08 Scale Mail Armor
35:18 Scale Barding Armor
36:15 Forging
39:17 Bow Saw
40:14 Horse Collar
46:17 Wheelbarrow
46:11 Bodkin Arrow
48:49 Heavy Plow
52:47 Imperial Age
50:57 Chain Barding Armor
51:12 Iron Casting
51:45 Bloodlines
51:36 Husbandry
50:56 Light Cavalry
53:36 Iron Casting
53:02 Heavy Camel Rider
54:07 Conscription
54:50 Plate Barding Armor
57:39 Blast Furnace
57:27 Bracer
57:53 Caravan
59:31 Hand Cart
59:47 Grand Trunk Road
59:34 Imperial Camel Rider
64:26 Chemistry
65:30 Hussar
68:21 Town Patrol
TanjiroK
10:20 Loom
12:56 Feudal Age
16:58 Castle Age
14:56 Double-Bit Axe
18:21 Fletching
19:10 Wheelbarrow
18:56 Horse Collar
22:51 Hand Cart
22:38 Town Watch
26:33 Bodkin Arrow
34:32 Imperial Age
33:42 Ballistics
33:28 Padded Archer Armor
35:54 Bracer
36:59 Chemistry
39:25 Leather Archer Armor
39:12 Scale Mail Armor
39:25 Forging
39:11 Pikeman
39:48 Halberdier
42:34 Chain Mail Armor
44:53 Plate Mail Armor
46:48 Iron Casting
46:54 Yeomen
50:35 Blast Furnace
56:32 Ring Archer Armor
56:48 Conscription
59:32 Elite Longbowman
61:24 Arson
61:41 Squires
64:06 Elite Skirmisher
67:19 Bow Saw
67:15 Caravan
快樂987
5:04 Loom
14:29 Feudal Age
18:14 Castle Age
32:35 Ballistics
32:45 Double-Bit Axe
35:10 Bow Saw
37:55 Squires
38:07 Horse Collar
38:13 Fishing Lines
39:55 Scale Mail Armor
40:32 Forging
41:53 Heavy Plow
46:47 Chain Mail Armor
49:46 Wheelbarrow
50:18 Pikeman
50:44 Gambesons
53:11 Siege Engineers
54:44 Fletching
55:30 Iron Casting
56:52 Bodkin Arrow
64:26 Imperial Age
62:19 Bloodlines
62:09 Husbandry
61:30 Light Cavalry
62:54 Scale Barding Armor
62:50 Padded Archer Armor
64:16 Chain Barding Armor
66:14 Two-Man Saw
65:45 Crop Rotation
65:03 Treadmill Crane
66:24 Chemistry
64:46 Hussar
66:53 Murder Holes
67:05 Bracer
Sastre ᴿˢ-
7:40 Loom
15:19 Feudal Age
20:28 Fletching
44:46 Castle Age
45:44 Horse Collar
50:36 Double-Bit Axe
51:41 Wheelbarrow
57:26 Heavy Plow
59:58 Bow Saw
60:45 Fortified Wall
64:17 Imperial Age
63:27 Hand Cart
62:56 Elite Skirmisher
65:34 Ballistics
66:30 Two-Man Saw
66:00 Conscription
66:56 Conscription
66:43 Bodkin Arrow
66:48 Padded Archer Armor
67:42 Bloodlines
67:32 Husbandry
67:35 Bracer
68:44 Chemistry
67:56 Light Cavalry
69:12 Forging
69:07 Scale Barding Armor
68:39 Hussar
71:02 Iron Casting
Blaze
9:43 Loom
9:48 Loom
12:32 Feudal Age
13:27 Double-Bit Axe
13:50 Town Watch
19:50 Castle Age
18:17 Fishing Lines
20:08 Gold Mining
22:11 Fletching
23:26 Bodkin Arrow
32:14 Wheelbarrow
34:45 Imperial Age
33:19 Bloodlines
33:25 Horse Collar
34:03 Light Cavalry
34:44 Husbandry
35:12 Hand Cart
35:13 Cavalier
35:58 Farimba
39:15 Chemistry
38:54 Bow Saw
39:28 Heavy Plow
40:04 Heavy Camel Rider
41:30 Scale Barding Armor
43:11 Chain Barding Armor
43:02 Forging
47:36 Conscription
48:04 Plate Barding Armor
48:48 Ballistics
49:26 Iron Casting
55:39 Scale Mail Armor
56:24 Elite Gbeto
57:12 Squires
56:57 Arson
59:40 Chain Mail Armor
64:10 Tigui
65:46 Hoardings
Bananaman651
2:57 Loom
13:21 Feudal Age
14:21 Double-Bit Axe
17:30 Wheelbarrow
19:28 Town Watch
23:09 Castle Age
23:47 Gold Mining
24:07 Scale Barding Armor
24:27 Bow Saw
26:27 Forging
34:51 Padded Archer Armor
35:23 Bloodlines
55:44 Horse Collar
59:42 Fletching
60:19 Leather Archer Armor
61:21 Gold Shaft Mining
62:06 Hand Cart
66:11 Imperial Age
63:02 Crossbowman
64:28 Thumb Ring
64:19 Bodkin Arrow
65:58 Ballistics
66:12 Arbalester
66:53 Bracer
68:38 Caravan
Xanny
13:27 Feudal Age
14:57 Horse Collar
17:36 Castle Age
16:26 Double-Bit Axe
17:19 Forging
29:07 Husbandry
29:43 Wheelbarrow
29:40 Scale Barding Armor
31:11 Chain Barding Armor
32:05 Heavy Plow
32:19 Bow Saw
32:23 Loom
32:41 Gold Mining
32:52 Heavy Plow
33:23 Bloodlines
34:17 Iron Casting
34:27 Hand Cart
39:08 Imperial Age
38:50 Cavalier
40:06 Plate Barding Armor
40:32 Blast Furnace
40:46 Savar
43:00 Conscription
46:55 Gold Shaft Mining
46:10 Stone Mining
49:20 Town Watch
49:51 Heavy Camel Rider
50:32 Light Cavalry
53:25 Chemistry
51:53 Hussar
53:50 Two-Man Saw
53:22 Crop Rotation
60:14 Ballistics
60:05 Masonry
61:28 Fletching
68:22 Caravan
69:51 Town Patrol
Connection lost

Rejoining the realm…

Still unreachable

The connection could not be restored.

Session expired

The server has moved on; the page needs a fresh start.